 Dungeon Sprint DCSS version 0.26-a0-1021-gda264ca44c (webtiles) character file.

Game seed: 1852967550842004087

41135 mhtbhm the Shatterer (level 13, -4/143 HPs)
             Began as a Green Draconian Berserker on Dec 8, 2020.
             Was the Champion of Trog.
             Killed from afar by a tengu reaver (24 damage)
             ... with a bolt of lightning
             ... in the Dungeon (Sprint IX: "|||||||||||||||||||||||||||||").
             The game lasted 00:08:20 (4468 turns).

mhtbhm the Shatterer (Green Draconian Berserker)    Turns: 4468, Time: 00:08:20

Health: -4/143     AC: 15    Str: 27    XL:     13   Next: 78%
Magic:  13/13      EV: 19    Int:  8    God:    Trog [******]
Gold:   1587       SH:  0    Dex: 11    Spells: 12/12 levels left

rFire    . . .     SeeInvis .   z - +8 dire flail (flame)
rCold    . . .     Faith    .   (shield currently unavailable)
rNeg     . . .     Spirit   .   (armour unavailable)
rPois    +         Reflect  .   (helmet restricted)
rElec    .         Harm     .   C - +1 cloak
rCorr    .         Rampage  .   x - +0 pair of gloves {archery}
Will     .....     NoTele   +   w - +1 pair of boots
Stlth    +++++.....             (no amulet)
HPRegen  0.33/turn              k - +3 ring of strength
MPRegen  0.13/turn              l - +2 ring of protection

@: berserk cooldown, slowed, very slow
A: breathe noxious fumes, unfitting armour, poison resistance, cold-blooded, AC
+8
a: Breathe Noxious Fumes, Berserk, Trog's Hand, Brothers in Arms, Renounce
Religion


You were in the Dungeon.
You worshipped Trog.
Trog was exalted by your worship.
You visited 1 branch You collected 1917 gold pieces.
You spent 330 gold pieces at shops.

Inventory:

Hand Weapons
 a - the +13 triple sword of Trog's Pride {vorpal, Int+4 SInv}
   (Trog gifted it to you in the Dungeon)

   It inflicts extra damage upon your enemies.
   It affects your intelligence (+4).
   It lets you see invisible.
 t - a +2 dire flail of holy wrath
 u - a +6 antimagic dire flail
 z - a +8 dire flail of flaming (weapon)
Missiles
 A - a throwing net
Armour
 w - a +1 pair of boots (worn)
 x - a +0 pair of gloves of archery (worn)
 C - a +1 cloak (worn)
Jewellery
 k - a +3 ring of strength (left hand)
 l - a +2 ring of protection (right hand)
Wands
 j - a wand of iceblast (6)
 y - a wand of digging (6)
Scrolls
 g - 2 scrolls of blinking
 i - 3 scrolls of remove curse
 n - a scroll of identify
 q - 2 scrolls of fear
 r - 6 scrolls of enchant weapon
 s - 6 scrolls of enchant armour
Potions
 b - 7 potions of curing
 c - 4 potions of heal wounds
 d - 2 potions of haste
 e - 4 potions of magic
 f - a potion of berserk rage
 h - a potion of invisibility
 m - a potion of attraction {unknown}
 o - 2 potions of might
 p - a potion of mutation
 v - a potion of lignification {unknown}


   Skills:
 + Level 21.0 Fighting
 + Level 22.8 Maces & Flails
 + Level 13.6 Dodging
 + Level 13.5 Stealth
 + Level 3.2 Evocations


You had 12 spell levels left.
You didn't know any spells.
Your spell library was empty.

Dungeon Overview and Level Annotations

Branches:
Dungeon (1/1)

Altars:
Cheibriados
Dithmenos
Elyvilon
Fedhas
Gozag
Hepliaklqana
Kikubaaqudgha
Makhleb
Nemelex Xobeh
Okawaru
Qazlal
Ru
Sif Muna
Trog
Uskayaw
Vehumet
Wu Jian
Xom
Yredelemnul
Zin
The Shining One
Beogh
Jiyva
Lugonu

Shops:
D ([(:


Innate Abilities, Weirdness & Mutations

You can breathe blasts of noxious fumes.
Your lurid green scales are hard. (AC +8)
You cannot fit into any form of body armour.
Your system is resistant to poisons. (rPois)
You are cold-blooded and may be slowed by cold attacks.


Message History

Your stone giant hits the ettin!!!
The ettin dies!
Trog accepts your kill.
Your stone giant hits the tengu reaver!
You have got your breath back.
Your stone giant barely misses the tengu reaver.
The tengu reaver hits your stone giant with a +0 bardiche!!
The tengu reaver pecks your stone giant but does no damage.
The tengu reaver claws your stone giant but does no damage.
Your stone giant hits the tengu reaver!!!
Your stone giant closely misses the tengu reaver.
The tengu reaver hits your stone giant with a +0 bardiche!
The tengu reaver pecks your stone giant.
The tengu reaver claws your stone giant but does no damage.
Your stone giant barely misses the tengu reaver.
Your stone giant barely misses the tengu reaver.
The tengu reaver gestures at your stone giant while chanting.
The bolt of lightning hits your stone giant!!
The bolt of lightning hits you!!
You die...

.▓.▓.▓.▓.▓.▓.▓.▓.▓
.▓.▓.▓.▓.▓.▓.▓.▓.▓
.▓)▓)▓.▓.▓.▓.▓.▓.▓
.▓.▓)▓.▓.▓.▓.▓.▓.▓
.▓.▓.▓.▓.▓.▓.▓.▓.▓
.▓.▓.▓.▓.▓.▓.▓.▓.▓
'▓.▓)▓.▓.▓.▓.▓.▓.▓
.▓.▓.▓.▓.▓.▓.▓.▓.▓
.▓.▓.▓.▓'▓.▓.▓.▓@▓
.▓.▓.▓.▓=▓.▓.▓.▓.▓
.▓.▓)▓.▓.▓.▓.▓.▓.▓
!▓)▓.▓.▓.▓.▓.▓.▓.▓
[▓.▓'▓.▓.▓)▓.▓.▓.▓
:▓.▓)▓.▓.▓.▓.▓.▓C▓
[▓.▓[▓.▓)▓.♣'♣.▓Q▓
.▓.▓.▓.▓)▓.♣)♣.▓J▓
.▓.▓)▓.▓)▓.♣.♣.▓C▓


You could see a tengu reaver, a slime creature and a friendly stone giant
(summoned, berserk).

Vanquished Creatures
  A nagaraja (D)
  3 stone giants (D)
  2 ettins (D)
  A merfolk impaler (D)
  Josephine (D)
  An ice dragon (D)
  6 hydras (D)
  2 rakshasas (D)
  2 ghost crabs (D)
  A catoblepas (D)
  5 two-headed ogres (D)
  5 ogre magi (D)
  An alligator snapping turtle (D)
  2 alligators (D)
  4 death yaks (D)
  An anaconda (D)
  A naga sharpshooter (D)
  2 shock serpents (D)
  Nergalle (D)
  A sea snake (D)
  2 orc knights (D)
  2 manticores (D)
  A wolf spider (D)
  3 black mambas (D)
  2 elephants (D)
  A naga mage (D)
  A torpor snail (D)
  Maurice (D)
  A guardian serpent (shapeshifter) (D)
  5 cane toads (D)
  A rime drake (D)
  A yaktaur (D)
  A demonic crawler (D)
  A komodo dragon (D)
  A wind drake (D)
  3 merfolk (D)
  A hornet (D)
  3 redbacks (D)
  A tarantella (D)
  A yak (shapeshifter) (D)
  A wyvern (D)
  6 wraiths (D)
  4 yaks (D)
  Grum (D)
  2 water moccasins (D)
  9 orc warriors (D)
  6 ogres (D)
  3 wolves (D)
  5 bullfrogs (D)
  A scorpion (D)
  A quasit (D)
  2 orc wizards (D)
  A jelly (D)
  4 orc priests (D)
  A worker ant (D)
  A gnoll (D)
  An adder (D)
  A shadow imp (D)
  An adder skeleton (D)
  A worm (D)
  A dart slug (D)
  A leopard gecko (D)
  10 orcs (D)
  2 bat zombies (D)
  2 hobgoblins (D)
  A ball python (D)
  A goblin (D)
  A leopard gecko skeleton (D)
  A quokka skeleton (D)
148 creatures vanquished.

Vanquished Creatures (collateral kills)
  2 ettins (D)
  A deep troll earth mage (D)
  A tarantella (D)
4 creatures vanquished.

Vanquished Creatures (others)
  A spriggan druid (D)
  A bloated husk (D)
2 creatures vanquished.

Grand Total: 154 creatures vanquished

Notes
Turn   | Place    | Note
-------+----------+-------------------------------------------
     0 | D        | mhtbhm the Draconian Berserker began the quest for the Orb.
     0 | D        | Reached XP level 1. HP: 19/19 MP: 1/1
     8 | D        | Reached ** piety under Trog
    11 | D        | Reached skill level 4 in Maces & Flails
    11 | D        | Reached XP level 2. HP: 26/28 MP: 2/2
    45 | D        | Reached *** piety under Trog
    49 | D        | Reached skill level 5 in Fighting
    49 | D        | Reached skill level 5 in Maces & Flails
    49 | D        | Reached XP level 3. HP: 36/36 MP: 3/3
    61 | D        | Found a roughly hewn altar of Beogh.
    61 | D        | Found a snail-covered altar of Cheibriados.
    61 | D        | Found a shadowy altar of Dithmenos.
    61 | D        | Found a white marble altar of Elyvilon.
    61 | D        | Found a blossoming altar of Fedhas.
    61 | D        | Found an opulent altar of Gozag.
    62 | D        | Found a hazy altar of Hepliaklqana.
    63 | D        | Found a viscous altar of Jiyva.
    64 | D        | Found an ancient bone altar of Kikubaaqudgha.
    65 | D        | Found a corrupted altar of Lugonu.
    66 | D        | Found a burning altar of Makhleb.
    67 | D        | Found a sparkling altar of Nemelex Xobeh.
    68 | D        | Found an iron altar of Okawaru.
    69 | D        | Found a stormy altar of Qazlal.
    70 | D        | Found a sacrificial altar of Ru.
    71 | D        | Found a shimmering blue altar of Sif Muna.
    72 | D        | Found a bloodstained altar of Trog.
    73 | D        | Found a hide-covered altar of Uskayaw.
    74 | D        | Found a radiant altar of Vehumet.
    75 | D        | Found an ornate altar of the Wu Jian Council.
    76 | D        | Found a shimmering altar of Xom.
    77 | D        | Found a basalt altar of Yredelemnul.
    78 | D        | Found a glowing silver altar of Zin.
    79 | D        | Found a glowing golden altar of the Shining One.
   172 | D        | Noticed a scorpion
   172 | D        | Noticed an ogre
   177 | D        | Killed a scorpion
   177 | D        | Reached **** piety under Trog
   178 | D        | Reached skill level 6 in Maces & Flails
   178 | D        | Reached skill level 5 in Dodging
   178 | D        | Reached XP level 4. HP: 45/45 MP: 4/4
   179 | D        | Reached skill level 7 in Maces & Flails
   183 | D        | Killed an ogre
   184 | D        | Reached skill level 8 in Maces & Flails
   184 | D        | Reached XP level 5. HP: 53/53 MP: 5/5
   337 | D        | Noticed an ogre
   337 | D        | Noticed a wraith
   337 | D        | Noticed a two-headed ogre
   337 | D        | Noticed an orc warrior
   343 | D        | Killed an ogre
   343 | D        | Reached ***** piety under Trog
   344 | D        | Reached skill level 9 in Maces & Flails
   344 | D        | Reached XP level 6. HP: 62/62 MP: 6/6
   347 | D        | Killed a wraith
   348 | D        | Reached skill level 10 in Maces & Flails
   357 | D        | Killed a two-headed ogre
   358 | D        | Reached skill level 10 in Fighting
   358 | D        | Reached skill level 12 in Maces & Flails
   358 | D        | Reached skill level 1 in Stealth
   358 | D        | Your scales start taking on a lurid green colour.
   358 | D        | Reached XP level 7. HP: 73/73 MP: 7/7
   358 | D        | Gained mutation: Your system is resistant to poisons.
                  | (rPois) [Green Draconian growth]
   358 | D        | Reached XP level 8. HP: 81/81 MP: 8/8
   368 | D        | Received a gift from Trog
   696 | D        | Noticed a cane toad
   696 | D        | Noticed a cane toad
   696 | D        | Noticed a four-headed hydra
   696 | D        | Noticed a cane toad
   699 | D        | Noticed an elephant
   701 | D        | Killed a cane toad
   702 | D        | Reached skill level 13 in Maces & Flails
   706 | D        | Noticed a cane toad
   711 | D        | Killed a four-headed hydra
   712 | D        | Reached skill level 14 in Maces & Flails
   712 | D        | Reached XP level 9. HP: 74/90 MP: 9/9
   713 | D        | Killed a cane toad
   714 | D        | Reached skill level 15 in Maces & Flails
   724 | D        | Killed a cane toad
   729 | D        | Killed an elephant
   732 | D        | Killed a cane toad
   733 | D        | Reached skill level 16 in Maces & Flails
   733 | D        | Reached skill level 10 in Dodging
  1099 | D        | Noticed a cane toad
  1099 | D        | Noticed a four-headed hydra
  1102 | D        | Noticed a four-headed hydra
  1108 | D        | Killed a cane toad
  1108 | D        | Reached ****** piety under Trog
  1109 | D        | Reached XP level 10. HP: 101/101 MP: 10/10
  1111 | D        | Noticed an elephant
  1114 | D        | Killed a four-headed hydra
  1114 | D        | Received a gift from Trog
  1119 | D        | Killed a four-headed hydra
  1120 | D        | Reached skill level 17 in Maces & Flails
  1132 | D        | Killed an elephant
  1135 | D        | Received a gift from Trog
  1390 | D        | Noticed a death yak
  1390 | D        | Noticed a death yak
  1390 | D        | Noticed a catoblepas
  1393 | D        | Noticed a death yak
  1394 | D        | Noticed a death yak
  1397 | D        | Killed a death yak
  1398 | D        | Reached skill level 18 in Maces & Flails
  1405 | D        | Killed a death yak
  1406 | D        | Reached skill level 15 in Fighting
  1406 | D        | Reached XP level 11. HP: 112/112 MP: 11/11
  1411 | D        | Killed a catoblepas
  1415 | D        | Killed a death yak
  1418 | D        | Killed a death yak
  1418 | D        | Received a gift from Trog
  1419 | D        | Reached skill level 19 in Maces & Flails
  1625 | D        | Noticed Grum
  1634 | D        | Killed Grum
  1675 | D        | Noticed a stone giant
  1679 | D        | Received a gift from Trog
  1680 | D        | Noticed an orc knight
  1690 | D        | Killed a stone giant
  1807 | D        | Killed an orc knight
  1807 | D        | Received a gift from Trog
  2043 | D        | Noticed an orc knight
  2053 | D        | Killed an orc knight
  2054 | D        | Reached skill level 1 in Evocations
  2057 | D        | Received a gift from Trog
  2261 | D        | Found Kaguir's Antique Weapon Emporium.
  2261 | D        | Noticed a two-headed ogre
  2261 | D        | Noticed an ogre mage
  2261 | D        | Noticed an ogre mage
  2261 | D        | Noticed a two-headed ogre
  2262 | D        | Received a gift from Trog
  2264 | D        | Killed an ogre mage
  2265 | D        | Reached skill level 20 in Maces & Flails
  2265 | D        | Reached skill level 5 in Stealth
  2265 | D        | Noticed an ogre mage
  2266 | D        | Killed a two-headed ogre
  2267 | D        | Killed an ogre mage
  2268 | D        | Found Taisuod's Antique Armour Shoppe.
  2268 | D        | Noticed a two-headed ogre
  2271 | D        | Killed a two-headed ogre
  2272 | D        | Noticed an ogre mage
  2274 | D        | Found Figesie's Antique Weapon Emporium.
  2276 | D        | Killed an ogre mage
  2276 | D        | Received a gift from Trog
  2277 | D        | Reached XP level 12. HP: 125/125 MP: 12/12
  2279 | D        | Killed a two-headed ogre
  2280 | D        | Found Atompul's Book Shoppe.
  2284 | D        | Killed an ogre mage
  2376 | D        | Noticed an ogre mage
  2377 | D        | Noticed a two-headed ogre
  2383 | D        | Killed an ogre mage
  2387 | D        | Killed a two-headed ogre
  2391 | D        | Reached skill level 21 in Maces & Flails
  2466 | D        | Bought a pair of glowing boots for 165 gold pieces
  2466 | D        | Bought a pair of embroidered gloves for 165 gold pieces
  2678 | D        | Noticed Josephine
  2682 | D        | Received a gift from Trog
  2693 | D        | Killed Josephine
  2698 | D        | Noticed Maurice
  2706 | D        | Killed Maurice
  2706 | D        | Received a gift from Trog
  2912 | D        | Noticed an ettin
  2917 | D        | Noticed an ice dragon
  2922 | D        | Noticed a rakshasa
  2925 | D        | Killed an ettin
  2925 | D        | Received a gift from Trog
  2926 | D        | Noticed an ettin
  2928 | D        | Noticed a deep troll earth mage
  2929 | D        | Killed an ice dragon
  2930 | D        | Noticed a stone giant
  2934 | D        | Killed a rakshasa
  2939 | D        | Killed an ettin
  2939 | D        | Received a gift from Trog
  2941 | D        | Killed a deep troll earth mage
  2957 | D        | Killed a stone giant
  3314 | D        | Noticed Nergalle
  3321 | D        | Killed Nergalle
  3322 | D        | Reached skill level 10 in Stealth
  3350 | D        | Noticed a seven-headed hydra
  3350 | D        | Noticed a ghost crab
  3350 | D        | Noticed a ghost crab
  3350 | D        | Noticed an alligator
  3353 | D        | Killed a seven-headed hydra
  3354 | D        | Noticed a seven-headed hydra
  3356 | D        | Noticed an alligator
  3358 | D        | Killed a ghost crab
  3358 | D        | Received a gift from Trog
  3359 | D        | Noticed a six-headed hydra
  3361 | D        | Killed a ghost crab
  3362 | D        | Reached XP level 13. HP: 126/137 MP: 13/13
  3370 | D        | Reached skill level 22 in Maces & Flails
  3581 | D        | Received a gift from Trog
  3603 | D        | Received a gift from Trog
  3609 | D        | Got an ichor-stained triple sword {god gift}
  3610 | D        | Identified the +13 triple sword of Trog's Pride {vorpal,
                  | Int+4 SInv} (Trog gifted it to you in the Dungeon)
  3614 | D        | Got an iridescent great sword {god gift}
  3615 | D        | Identified the +3 great sword of Trog's Favour {vorpal,
                  | rPois Dex+3} (Trog gifted it to you in the Dungeon)
  3744 | D        | Noticed a merfolk impaler
  3750 | D        | Killed a merfolk impaler
  3765 | D        | Received a gift from Trog
  4035 | D        | Noticed a nagaraja
  4040 | D        | Killed a nagaraja
  4050 | D        | Received a gift from Trog
  4439 | D        | Noticed an ettin
  4439 | D        | Noticed a stone giant
  4439 | D        | Noticed an ettin
  4440 | D        | Noticed a tengu reaver
  4445 | D        | Noticed a stone giant
  4450 | D        | Killed a stone giant
  4455 | D        | Killed an ettin
  4456 | D        | Noticed a shadow dragon
  4465 | D        | Killed an ettin
  4468 | D        | Killed from afar by a tengu reaver

Illustrated notes

Levels and vault maps discovered:
D:        linesprint [early_d, line_temple, items_1, d_10, items_2, lair_1,
          lair_end, items_3, orc_1, orc_end, items_4, d_15, swamp_1, shoals_1,
          snake_1, spider_1, d_20, vaults_1, items_5, swamp_end, shoals_end,
          snake_end, spider_end, vaults_end, d_27, items_6, zot_1, zot_end,
          crypt_end, forest_end, elf_end, slime_end, tomb_end, abyss_end,
          pan_hell_end]

Skill      XL: |  1  2  3  4  5  6  7  8  9 10 11 12 13 |
---------------+----------------------------------------+-----
Dodging        | 3 4 5 6 8 9 10 11 12 13 | 13.6
Fighting       | 4 5 6 7 8 10 12 13 15 17 19 21 | 21.0
Maces & Flails | 4 5 6 8 9 12 14 16 18 20 21 22 | 22.8
Stealth        | 1 2 3 6 10 13 | 13.5
Evocations     | 2 3 |  3.2

Action                   |  1- 3 |  4- 6 |  7- 9 | 10-12 | 13-15 || total
-------------------------+-------+-------+-------+-------+-------++-------
Melee: Mace              |    29 |       |       |       |       ||    29
       Tailslap          |     6 |     4 |     9 |    27 |    18 ||    64
       Dire flail        |     4 |    31 |    52 |    47 |    90 ||   224
       Great mace        |       |       |       |   123 |       ||   123
Invok: Berserk           |     2 |     1 |     2 |     7 |     3 ||    15
       Brothers in Arms  |       |       |       |     1 |     1 ||     2
 Abil: Breathe Noxious F |       |       |       |     6 |     4 ||    10
Evoke: Wand              |       |       |       |     4 |       ||     4
  Use: Potion            |       |       |       |     1 |       ||     1
 Stab: Confused          |       |       |       |     8 |     4 ||    12
       Sleeping          |       |       |       |     5 |     2 ||     7
Armor: Skin              |     3 |     1 |     5 |    21 |    15 ||    45
Dodge: Dodged            |    15 |    16 |    20 |    54 |    59 ||   164

Table legend: (Time is in decaauts)
 A = Elapsed time spent in this place.
 B = Non-inter-level travel time spent in this place.
 C = Inter-level travel time spent in this place.
 D = Time resting spent in this place.
 E = Time spent auto-exploring this place.
 F = Levels seen in this place.
 G = Mean time per level.
                   A        B        C        D        E       F      G
               +--------+--------+--------+--------+--------+-----+--------+
         Total |   4464 |   4464 |      0 |   2127 |   1171 |   1 | 4464.0 |
       Dungeon |   4464 |   4464 |      0 |   2127 |   1171 |   1 | 4464.0 |
               +--------+--------+--------+--------+--------+-----+--------+

Top non-repeatable levels by time:
       D: 4464 daAuts
